 Dungeon Crawl Stone Soup version 0.28-a0-197-g74814aa22a (webtiles) character file.

Game seed: 2376083057269428908

2727 KristoblXynda the Covert (level 9, -3/48 HPs)
             Began as a Spriggan Berserker on Aug 19, 2021.
             Was an Elder of Trog.
             Killed from afar by an electric eel (12 damage)
             ... with a bolt of electricity
             ... on level 6 of the Dungeon.
             The game lasted 00:10:59 (6639 turns).

KristoblXynda the Covert (Spriggan Berserker)       Turns: 6639, Time: 00:11:00

Health: -3/48      AC: 10    Str: 14    XL:     9   Next: 40%
Magic:  10/10      EV: 22    Int: 10    God:    Trog [****..]
Gold:   366        SH:  0    Dex: 15    Spells: 8/8 levels left

rFire   . . .      SeeInvis +   a - +2 dagger (vamp)
rCold   . . .      Faith    .   (shield restricted)
rNeg    . . .      Spirit   .   b - +0 animal skin
rPois   .          Reflect  .   (helmet restricted)
rElec   .          Harm     .   (no cloak)
rCorr   .          Rampage  .   (gloves unavailable)
Will    +....                   (boots unavailable)
Stlth   ++........              (no amulet)
HPRegen 0.16/turn               n - +4 ring of protection
MPRegen 0.12/turn               q - +4 ring of protection

@: slow
A: very small, no large weapons, unfitting armour, see invisible, speed 3
a: Renounce Religion, Berserk, Trog's Hand, Brothers in Arms


You were on level 6 of the Dungeon.
You worshipped Trog.
Trog was greatly pleased with you.
You visited 2 branches of the dungeon, and saw 7 of its levels.

You collected 366 gold pieces.

Inventory:

Hand Weapons
 a - a +2 vampiric dagger (weapon)
 j - a +2 dagger of protection
Armour
 b - a +0 animal skin (worn)
 e - a +1 buckler
 x - +0 fire dragon scales
Jewellery
 n - a +4 ring of protection (left hand)
 p - a ring of flight
 q - a +4 ring of protection (right hand)
Wands
 r - a wand of paralysis (1)
Scrolls
 c - a scroll of immolation
 d - a scroll of amnesia
 g - a scroll of acquirement {unknown}
 i - a scroll of enchant armour
 m - a scroll of enchant weapon {unknown}
 s - a scroll of silence {unknown}
 t - a scroll of teleportation
 u - a scroll of vulnerability {unknown}
 v - a scroll of brand weapon {unknown}
Potions
 f - 2 potions of brilliance {unknown}
 h - a potion of curing {unknown}
 k - 6 potions of mutation
 l - 2 potions of lignification
 o - 4 potions of heal wounds
 w - a potion of attraction {unknown}
 z - a potion of degeneration {unknown}


   Skills:
 + Level 5.9 Fighting
 + Level 7.8 Short Blades
 + Level 9.4 Dodging
 + Level 9.9 Stealth


You had 8 spell levels left.
You didn't know any spells.
Your spell library was empty.

Dungeon Overview and Level Annotations

Branches:
Dungeon (6/15)             Temple (1/1) D:6

Altars:
Ashenzari
Cheibriados
Dithmenos
Elyvilon
Hepliaklqana
Makhleb
Nemelex Xobeh
Okawaru
Qazlal
Ru
Trog
Uskayaw
Vehumet
Zin
The Shining One


Innate Abilities, Weirdness & Mutations

You are very small and have problems with some larger weapons.
You are too small for most types of armour.
You have supernaturally acute eyesight. (SInv)
You cover ground extremely quickly. (Speed+++)


Message History

You start resting.
HP restored.
Okay, then.
You enter the shallow water.
Moving in this stuff is going to be slow.
An electric eel comes into view.
The electric eel shoots out a bolt of lightning at you!
The bolt of electricity hits the plant!
The plant begins to die.
The bolt of electricity hits the plant!
The plant begins to die.
The bolt of electricity misses you.
An electric eel is nearby!
An electric eel is nearby!
An electric eel is nearby!
You start waiting.
A nearby plant withers and dies. x2
You start waiting.
An electric eel is nearby!
You enter the shallow water.
Moving in this stuff is going to be slow.
You enter the shallow water.
Moving in this stuff is going to be slow.
You miss the electric eel.
The electric eel shoots out a bolt of lightning at you!
The bolt of electricity misses you. The bolt of electricity hits you.
You hit the electric eel.
You feel better.
The electric eel is moderately wounded.
Your unstable footing causes you to fumble your attack.
Your unstable footing causes you to fumble your attack.
The electric eel shoots out a bolt of lightning at you!
The bolt of electricity hits you! The bolt of electricity hits you.
You hit the electric eel.
You feel better.
The electric eel is heavily wounded.
You barely miss the electric eel.
The electric eel is heavily wounded.
The electric eel shoots out a bolt of lightning at you!
The bolt of electricity hits you! x2
* * * LOW HITPOINT WARNING * * *
Your unstable footing causes you to fumble your attack.
The electric eel shoots out a bolt of lightning at you!
The bolt of electricity hits you!
You die...

#...##.####.##♣P♣♣
############.# #..≈♣≈♣≈♣≈
.............# #.≈P≈≈≈P≈≈
############## #.≈≈≈≈P≈≈♣
#♣♣≈≈P≈≈≈≈
#############≈♣≈≈♣≈≈≈≈≈
###............♣♣≈≈≈P≈P≈≈
..+............≈≈;≈≈≈≈≈≈≈
#...............@♣♣≈≈PPP≈
..#.........[....♣ ≈≈P♣P≈
..#.........##..##♣≈♣≈≈♣
.###....)..[###.##≈≈≈♣♣≈≈
........##### #....# ≈♣♣≈
.....#...# ##.### ...≈P
..>..###.# #..# ....#
.....#...# ##.## .....#
(.......#########..##.....#


You could see an electric eel.

Vanquished Creatures
  Pikel (D:5)
  A cyclops (D:6)
  Sigmund (D:6)
  A water moccasin (D:6)
  A black bear (D:5)
  2 necrophages
  3 ogres
  2 centaurs (D:5)
  A scorpion (D:4)
  A wyvern skeleton (D:6)
  5 wights (D:6)
  2 howler monkeys
  A hound (D:4)
  A centaur zombie (D:5)
  An orc priest (D:6)
  A centaur skeleton (D:5)
  A jelly (D:5)
  An iguana (D:6)
  3 orc wizards
  A statue (D:3)
  A hound skeleton (D:4)
  11 gnolls
  5 adders
  A shadow imp (D:5)
  An ufetubus (D:4)
  An adder skeleton (D:5)
  2 worms (D:3)
  6 dart slugs
  19 orcs
  4 ball pythons
  5 endoplasms
  4 giant cockroaches
  8 goblins
  7 hobgoblins
  5 jackals
  6 quokkas
  6 bats
  6 frilled lizards
  5 kobolds
  11 rats
145 creatures vanquished.

Vanquished Creatures (others)
  13 plants
13 creatures vanquished.

Grand Total: 158 creatures vanquished

Notes
Turn   | Place    | Note
-------+----------+-------------------------------------------
     0 | D:1      | KristoblXynda the Spriggan Berserker began the quest for
                  | the Orb.
     0 | D:1      | Reached XP level 1. HP: 11/11 MP: 2/2
   204 | D:1      | Reached skill level 1 in Stealth
   253 | D:1      | Reached XP level 2. HP: 15/16 MP: 3/3
   546 | D:1      | Reached XP level 3. HP: 7/19 MP: 4/4
  1361 | D:1      | Reached ** piety under Trog
  2114 | D:2      | Reached XP level 4. HP: 23/23 MP: 5/5
  2389 | D:2      | You fall into a shaft and drop 2 floors!
  2492 | D:4      | Noticed an ogre
  2524 | D:4      | Killed an ogre
  2525 | D:4      | Reached skill level 5 in Dodging
  2525 | D:4      | Reached XP level 5. HP: 28/28 MP: 6/6
  2911 | D:4      | Reached XP level 6. HP: 32/32 MP: 7/7
  3076 | D:4      | Found a broken altar of Ashenzari.
  3244 | D:3      | Reached *** piety under Trog
  3710 | D:3      | Found a radiant altar of Vehumet.
  3730 | D:3      | Reached skill level 5 in Short Blades
  3730 | D:3      | Reached skill level 5 in Stealth
  4313 | D:5      | Entered Level 5 of the Dungeon
  4341 | D:5      | Reached XP level 7. HP: 37/37 MP: 8/8
  4354 | D:5      | Reached **** piety under Trog
  4668 | D:5      | Noticed Pikel
  4684 | D:5      | Killed Pikel
  4685 | D:5      | Reached XP level 8. HP: 42/42 MP: 9/9
  4777 | D:5      | Found a hazy altar of Hepliaklqana.
  4993 | D:5      | Found a glowing silver altar of Zin.
  5132 | D:5      | Reached skill level 5 in Fighting
  5606 | D:6      | Found a sparkling altar of Nemelex Xobeh.
  5883 | D:6      | Noticed a cyclops
  5886 | D:6      | Found a staircase to the Ecumenical Temple.
  5907 | D:6      | Killed a cyclops
  5908 | D:6      | Reached XP level 9. HP: 47/47 MP: 10/10
  6069 | Temple   | Entered the Ecumenical Temple
  6223 | D:6      | Noticed Sigmund
  6229 | D:6      | Killed Sigmund
  6639 | D:6      | Killed from afar by an electric eel

Illustrated notes

Levels and vault maps discovered:
D:1:      matt_arrival_diagonals, layout_basic, item_on_display_a
D:2:      layout_basic, chequers_garden, minmay_heptomino_h4
D:3:      layout_loops_cross, vehumet_statue
D:4:      layout_cave_pools, evilmike_ruin_ashenzari, st_stairs_4
D:5:      layout_gridville, amcnicky_altar_gilded, lemuel_tele_altar,
          kennysheep_boxes, uniq_pikel
D:6:      layout_basic, nemelex_spade_bored_becter, kiku_gazebo_garden_becter,
          minmay_temple_entry_tees, serial_bayou_lake_a, uniq_sigmund
Temple:   eino_temple_lava

Skill      XL: |  1  2  3  4  5  6  7  8 |
---------------+-------------------------+-----
Stealth        | 1 2 3 4 5 7 9 |  9.9
Fighting       | 3 4 5 |  5.9
Short Blades   | 4 5 6 7 |  7.8
Dodging        | 5 6 7 9 |  9.4

Action                   |  1- 3 |  4- 6 |  7- 9 || total
-------------------------+-------+-------+-------++-------
Melee: Short sword       |   122 |       |       ||   122
       Dagger            |     8 |   268 |   270 ||   546
Invok: Berserk           |     2 |     4 |     6 ||    12
       Trog's Hand       |       |       |     1 ||     1
Evoke: Wand              |       |       |     3 ||     3
  Use: Scroll            |       |       |     8 ||     8
 Stab: Sleeping          |     9 |    15 |     4 ||    28
       Paralysed         |       |       |     2 ||     2
Armor: Animal skin       |    11 |    53 |    38 ||   102
Dodge: Dodged            |   110 |   181 |   207 ||   498

Table legend: (Time is in decaauts)
 A = Elapsed time spent in this place.
 B = Non-inter-level travel time spent in this place.
 C = Inter-level travel time spent in this place.
 D = Time resting spent in this place.
 E = Time spent auto-exploring this place.
 F = Levels seen in this place.
 G = Mean time per level.
                   A        B        C        D        E       F      G
               +--------+--------+--------+--------+--------+-----+--------+
         Total |   5201 |   5074 |    127 |   1270 |   2781 |   7 |  743.0 |
       Dungeon |   5156 |   5032 |    124 |   1270 |   2741 |   6 |  859.3 |
        Temple |     45 |     42 |      3 |      0 |     40 |   1 |   45.0 |
               +--------+--------+--------+--------+--------+-----+--------+

Top non-repeatable levels by time:
     D:1: 1439 daAuts
     D:5: 989 daAuts
     D:6: 834 daAuts
     D:2: 648 daAuts
     D:4: 640 daAuts
     D:3: 605 daAuts
  Temple: 45 daAuts
